 Dungeon Crawl Stone Soup version 0.32-a0-418-g34023cf50c (webtiles) character file.

Game seed: 16319625024894164365

191476 Kenran the Spry (level 18, -3/149 HPs)
             Began as a Coglin Gladiator on Feb 21, 2024.
             Was the Champion of Trog.
             Constricted to death by a naga warrior (4 damage)
             ... on level 4 of the Snake Pit.
             The game lasted 01:07:20 (26300 turns).

Kenran the Spry (Coglin Gladiator)                 Turns: 26300, Time: 01:07:21

Health: -3/149     AC: 12    Str: 10    XL:     18   Next: 65%
Magic:  18/18      EV: 26    Int: 16    God:    Trog [******]
Gold:   1190       SH:  0    Dex: 27    Spells: 17/17 levels left

rFire   + + +        P - +4 double sword {Fritz}
rCold   . . .        w - +2 rapier (venom) {Cashile}
rNeg    . . .        b - +0 troll leather armour of Festooned Joy {rElec rF+ Regen+}
rPois   +            c - +0 helmet
rElec   +            (no cloak)
rCorr   .            (no gloves)
SInv    .            M - +2 pair of boots {rampage}
Will    +....        g - amulet "Vudasch" {Acrobat rF++}
Stlth   ++           l - +4 ring of protection
HPRegen 1.24/turn    q - ring "Owaurob" {rElec rPois Str-5 Int+6 Dex+6}
MPRegen 0.16/turn

%: acrobat, rampage
@: lethally poisoned (-3 -> -7), immotile, constricted, revved
A: off-hand wielding, slow wielding, warmup strikes, legs shutdown
a: Renounce Religion, Berserk, Trog's Hand, Brothers in Arms


You were on level 4 of the Snake Pit.
You worshipped Trog.
Trog was exalted by your worship.
You visited 5 branches of the dungeon, and saw 27 of its levels.
You also visited: Volcano.

You collected 3945 gold pieces.
You spent 2755 gold pieces at shops.

Inventory:

Hand Weapons
 w - a +2 rapier of venom (offhand) {Cashile}
 L - the +7 war axe of Equivalence {vamp, rCorr}
   (You found it on level 2 of the Lair of Beasts)

   rCorr:     It protects you from acid and corrosion.
 P - a +4 double sword (weapon) {Fritz}
 T - a +3 scimitar of flaming {Jinae}
Missiles
 d - 4 throwing nets (quivered)
 e - 5 javelins
Armour
 b - the +0 troll leather armour of Festooned Joy (worn) {rElec rF+ Regen+}
   (You bought it in a shop on level 3 of the Dungeon)

   rF+:       It protects you from fire.
   rElec:     It insulates you from electricity.
   Regen+:    It increases your rate of health regeneration.
 c - a +0 helmet (worn)
 o - the +2 hood of the Assassin {Detect Stab+ Stlth++}
   (You bought it in a shop on level 2 of the Orcish Mines)

   Detect:    It allows the wearer to sense nearby creatures.
   Stab+:     It allows the wearer to make particularly effective stabbing
   attacks against helpless or unaware enemies with any weapon.
   Stlth++:   It makes you much more stealthy.
 M - a +2 pair of boots of rampaging (worn)
Jewellery
 g - the amulet "Vudasch" (around neck) {Acrobat rF++}
   (You acquired it on level 1 of the Dungeon)

   [amulet of the acrobat]

   Acrobat:   It increases your evasion while moving and waiting.
   rF++:      It greatly protects you from fire.
 l - a +4 ring of protection (left grasper)
 q - the ring "Owaurob" (right grasper) {rElec rPois Str-5 Int+6 Dex+6}
   (You found it on level 7 of the Dungeon)

   [ring of intelligence]

   Str-5:     It affects your strength (-5).
   Int+6:     It affects your intelligence (+6).
   Dex+6:     It affects your dexterity (+6).
   rElec:     It insulates you from electricity.
   rPois:     It protects you from poison
 F - a ring of ice
Wands
 s - a wand of digging (27)
 t - a wand of flame (31)
 v - a wand of paralysis (7)
 J - a wand of roots (24)
 Q - a wand of polymorph (2)
 S - a wand of mindburst (8)
Scrolls
 a - 9 scrolls of immolation {!r}
 f - 3 scrolls of fog
 i - 7 scrolls of enchant armour
 m - 4 scrolls of silence
 p - 9 scrolls of teleportation
 u - 4 scrolls of enchant weapon
 y - a scroll of revelation
 z - 5 scrolls of blinking
 D - 2 scrolls of summoning
 H - 3 scrolls of poison
 R - 2 scrolls of fear
Potions
 h - 4 potions of mutation {!q}
 j - 2 potions of cancellation
 k - 2 potions of attraction {!q}
 n - 5 potions of berserk rage {!q}
 r - 7 potions of curing {@q1}
 x - 3 potions of resistance
 A - 4 potions of invisibility
 B - a potion of enlightenment
 C - 3 potions of haste
 E - 5 potions of might
 G - 3 potions of lignification {!q}
 I - 4 potions of heal wounds {@q2}
 K - 3 potions of ambrosia
Miscellaneous
 O - a sack of spiders


   Skills:
 - Level 15.0 Fighting
 - Level 5.9(11.0) Short Blades
 - Level 15.4(16.0) Long Blades
 - Level 1.7 Throwing
 - Level 5.0 Armour
 + Level 17.9 Dodging
 - Level 16.0 Evocations


You had 17 spell levels left.
You didn't know any spells.
Your spell library contained the following spells:

 Spells                   Type           Power      Damage    Failure   Level
 Summon Small Mammal      Summ           0%         N/A       32%         1
 Cigotuvi's Dreadful Rot  Necr/Alch/Air  0%         N/A       45%         2
 Call Canine Familiar     Summ           0%         N/A       69%         3
 Dazzling Flash           Conj/Hex       0%         N/A       69%         3
 Gell's Gravitas          Tloc           0%         N/A       69%         3
 Inner Flame              Hex/Fire       0%         N/A       69%         3
 Teleport Other           Tloc           0%         N/A       69%         3
 Volatile Blastmotes      Fire/Tloc      0%         2d10      69%         3
 Dispel Undead            Necr           0%         3d6       97%         4
 Ignite Poison            Fire/Alch      0%         N/A       97%         4
 Martyr's Knell           Necr/Summ      0%         N/A       97%         4
 Summon Blazeheart Golem  Fire/Summ      0%         N/A       97%         4
 Freezing Cloud           Conj/Ice/Air   0%         6-21      100%        5
 Irradiate                Conj/Alch      0%         3d11      100%        5
 Death Channel            Necr           0%         N/A       100%        6
 Dispersal                Tloc           0%         N/A       100%        6
 Starburst                Conj/Fire      0%         6d3       100%        6
 Ignition                 Fire           0%         3d3       100%        8
 Maxwell's Capacitive Co  Air            0%         ∞         100%        8


Dungeon Overview and Level Annotations

Branches:
Dungeon (15/15)            Temple (1/1) D:7            Lair (5/5) D:8
 Shoals (0/4) Lair:3        Snake (4/4) Lair:3        Slime (0/5) Lair:5
    Orc (2/2) D:11            Elf (0/3) Orc:2        Vaults (0/5) D:13
 Depths (0/4) D:15        Volcano (visited)

Altars:
Ashenzari
Cheibriados
Dithmenos
Elyvilon
Fedhas
Gozag
Hepliaklqana
Kikubaaqudgha
Makhleb
Nemelex Xobeh
Okawaru
Qazlal
Ru
Sif Muna
Trog
Uskayaw
Vehumet
Wu Jian
Xom
Yredelemnul
Zin
The Shining One
Beogh

Shops:
D:1 (   D:3 [   D:5 ?*   D:9 (?:   D:10 *   D:14 *   Orc:2 =[*(   Snake:2 *:
Snake:3 (

Annotations:
Lair:3 exclusion: oklob plant
Lair:5 exclusion: 3 oklob plants
Snake:3 exclusion: naga sharpshooter


Innate Abilities, Weirdness & Mutations

You can wield a second weapon in your off-hand.
It takes a long time for you to wield or remove held weapons.
Your first few attacks do less damage.
Attacking and casting redirects power from your legs.


Message History

The nagaraja constricts you.
* * * LOW HITPOINT WARNING * * *
You slice the nagaraja with your +4 double sword!!
You kill the nagaraja!
Trog accepts your kill.
Trog appreciates your killing of a magic user.
You feel very sick.
The naga warrior roars a battlecry!
You are no longer unable to travel.
You feel extremely sick.
You hit the naga warrior but do no damage.
You hit the naga warrior with your +2 rapier of venom.
The naga warrior is poisoned.
You feel very sick.
You barely miss the naga warrior with your +4 double sword.
The naga warrior is lightly wounded.
You hit the naga warrior with your +2 rapier of venom.
You feel very sick. The naga warrior spits poison at you.
The splash of poison misses you.
You hit the naga warrior but do no damage.
The naga warrior is lightly wounded.
You hit the naga warrior with your +4 double sword.
You feel very sick.
You hit the naga warrior with your +2 rapier of venom.
The naga warrior looks as sick as possible!
The naga warrior is lightly wounded.
You slash the naga warrior with your +4 double sword!
You feel sick. The naga warrior misses you. The naga warrior grabs you.
The naga warrior constricts you.
* * * LOW HITPOINT WARNING * * *
You slash the naga warrior with your +4 double sword!
The naga warrior is heavily wounded.
You hit the naga warrior but do no damage.
The naga warrior looks as sick as possible!
You feel very sick.
The naga warrior hits you with a +0 long sword!
* * * LOW HITPOINT WARNING * * *
The naga warrior constricts you.
You die...

≣. ≣...≣ ##.. ≣..
≣...≣####. ≣.. ≣)..≣..#..
≣... ≣≣..≣≣..#.. ≣...≣
≣...≣#..#.. ≣...≣≣
≣≣...≣#..##. ≣....≣≣≣
≣≣≣...≣≣#....#
≣≣.....≣≣≣≣≣≣..)..≣..##..#
≣≣....)N@.......≣≣#.###.#
≣≣≣...)......≣≣≣ #..##..
≣≣≣......≣≣≣ #..##..


≣≣≣≣≣≣≣≣ ######. ## ### #####.# You could see a naga warrior (extremely
poisoned, catching breath).

Vanquished Creatures
  Roxanne (Snake:1)
  Aizul (Snake:4)
  A frost giant (D:15)
  9 nagarajas (Snake:4)
  An orc warlord (Orc:2)
  Nessos (Orc:2)
  Azrael (D:14)
  A fire dragon (D:15)
  Josephine (D:15)
  An entropy weaver (shapeshifter) (D:13)
  A salamander tyrant (Snake:3)
  A rakshasa (D:15)
  A vault guard (D:13)
  An entropy weaver (D:13)
  Fannar (Lair:3)
  Erolcha (Orc:2)
  An ogre mage (D:15)
  4 hydras
  8 anacondas
  2 boulder beetles
  4 centaur warriors
  4 tengu warriors
  10 two-headed ogres
  Erica (D:11)
  18 naga warriors
  7 naga sharpshooters
  A deep troll earth mage (D:15)
  5 death yaks (Lair:5)
  2 orc high priests (Orc:1)
  4 shock serpents
  Urug (Orc:1)
  Nergalle (Lair:1)
  6 skeletal warriors
  5 skysharks (Lair:5)
  2 salamander mystics
  5 sea snakes
  9 naga ritualists
  An arcanist (D:13)
  7 mana vipers
  6 orc knights
  9 ugly things
  3 deep elf pyromancers
  An anaconda skeleton (Volcano)
  5 orc sorcerers (Orc:2)
  3 manticores
  Maurice (Orc:2)
  4 guardian serpents
  5 cyclopes
  8 elephants
  7 salamanders
  25 black mambas
  A merfolk siren (Lair:3)
  Joseph (D:7)
  6 gargoyles
  A torpor snail (Lair:5)
  8 naga magi
  13 cane toads
  2 unseen horrors
  Jeremiah (D:6)
  A kobold demonologist (D:11)
  7 rime drakes
  An efreet (D:12)
  5 komodo dragons
  5 tengu conjurers
  A wind drake (Lair:5)
  8 trolls
  9 polar bears
  A hornet (Lair:5)
  A harpy skeleton (Volcano)
  16 blink frogs
  2 raiju (shapeshifter)
  5 slime creatures
  9 wraiths
  8 shadows
  5 vampires
  49 yaks
  2 fire elementals (D:14)
  7 basilisks
  Eustachio (D:5)
  4 wargs
  3 wyverns
  A vampire mosquito (D:15)
  A redback (shapeshifter) (D:11)
  4 steam dragons
  Edmund (D:6)
  3 acid dragons
  41 nagas
  10 water moccasins
  4 hell hounds (D:14)
  33 orc warriors
  A swamp drake (D:8)
  2 ice beasts
  An elephant zombie (D:7)
  4 laughing skulls
  5 centaurs
  3 ogres
  12 wolves
  A weeping skull (Volcano)
  8 bullfrogs
  2 gnoll sergeants
  A scorpion (D:4)
  18 wights
  10 killer bees
  A spriggan skeleton (Volcano)
  A troll skeleton (Volcano)
  2 howler monkeys (D:12)
  An electric eel (D:10)
  2 bombardier beetles (D:5)
  2 centaur zombies
  2 hounds (D:5)
  2 gnoll boudas
  2 human zombies (D:7)
  21 orc priests
  A sleepcap (D:4)
  2 iguanas
  27 orc wizards
  A scorpion zombie (D:7)
  4 hell rats (Lair:2)
  2 killer bee zombies (D:7)
  2 centaur simulacra (D:10)
  2 naga skeletons (Volcano)
  3 hound zombies (D:7)
  5 howler monkey zombies
  17 gnolls
  6 adders
  A shadow imp (D:8)
  A white imp (D:6)
  5 ufetubi
  An adder zombie (D:7)
  A dart slug (D:4)
  85 orcs
  5 endoplasms
  3 giant cockroaches (D:1)
  9 goblins
  5 hobgoblins
  2 jackals (D:2)
  4 kobolds
  A quokka (D:3)
  7 ball pythons
  3 bats
  A frilled lizard (D:3)
  4 rats
804 creatures vanquished.

Vanquished Creatures (collateral kills)
  Mlioglotl (Snake:1)
  A merfolk avatar (Lair:5)
  A black mamba (Snake:1)
3 creatures vanquished.

Vanquished Creatures (others)
  An orc (Orc:1)
1 creature vanquished.

Grand Total: 808 creatures vanquished

Notes
Turn   | Place    | Note
-------+----------+-------------------------------------------
     0 | D:1      | Kenran the Coglin Gladiator began the quest for the Orb.
     0 | D:1      | Reached XP level 1. HP: 16/16 MP: 1/1
   194 | D:1      | Reached XP level 2. HP: 22/22 MP: 2/2
   225 | D:1      | Found Defian Eto's Antique Weapon Shop.
   655 | D:1      | Identified 2 scrolls of acquirement
   655 | D:1      | Acquired 839 gold pieces
   658 | D:1      | Acquired the amulet "Vudasch" {Acrobat rF++}
   972 | D:2      | Reached XP level 3. HP: 27/27 MP: 3/3
  1476 | D:3      | Reached XP level 4. HP: 33/33 MP: 4/4
  1837 | D:3      | Found a faded altar of an unknown god.
  1964 | D:3      | Reached skill level 5 in Long Blades
  2025 | D:3      | Reached XP level 5. HP: 10/38 MP: 5/5
  2246 | D:3      | Found Lohifexi's Armour Emporium.
  2255 | D:3      | Bought the +0 troll leather armour of Festooned Joy {rElec
                  | rF+ Regen+} for 396 gold pieces
  2460 | D:4      | Reached XP level 6. HP: 44/44 MP: 6/6
  2707 | D:4      | Found an iron altar of Okawaru.
  2901 | D:4      | Reached XP level 7. HP: 46/50 MP: 7/7
  2967 | D:4      | Found a glowing silver altar of Zin.
  2967 | D:4      | Found a white marble altar of Elyvilon.
  2967 | D:4      | Found a glowing golden altar of the Shining One.
  3546 | D:5      | Entered Level 5 of the Dungeon
  3595 | D:5      | Noticed Eustachio
  3754 | D:5      | Killed Eustachio
  3885 | D:5      | Found a snail-covered altar of Cheibriados.
  4054 | D:5      | Found Ujiwenocw's Assorted Antiques.
  4063 | D:5      | Bought a scroll labelled ITIDGH UHAIK for 21 gold pieces
  4105 | D:5      | Reached XP level 8. HP: 56/56 MP: 8/8
  4115 | D:5      | Found Fuideotobb's Magic Scroll Shop.
  4124 | D:5      | Bought a scroll of blinking for 90 gold pieces
  4124 | D:5      | Bought a scroll of teleportation for 36 gold pieces
  4124 | D:5      | Bought a scroll of identify for 24 gold pieces
  4124 | D:5      | Bought a scroll of identify for 24 gold pieces
  4124 | D:5      | Bought a scroll of enchant weapon for 90 gold pieces
  4124 | D:5      | Bought a scroll of identify for 24 gold pieces
  4124 | D:5      | Bought a scroll of silence for 114 gold pieces
  4181 | D:5      | Found a shimmering altar of Xom.
  4370 | D:5      | Reached skill level 10 in Long Blades
  4859 | D:6      | Found a sparkling altar of Nemelex Xobeh.
  5235 | D:6      | Noticed Edmund
  5244 | D:6      | Killed Edmund
  5424 | D:6      | Noticed Jeremiah
  5542 | D:6      | Killed Jeremiah
  5543 | D:6      | Reached XP level 9. HP: 32/61 MP: 9/9
  5674 | D:7      | Reached skill level 3 in Dodging
  5724 | D:7      | Reached skill level 4 in Dodging
  5783 | D:7      | Found an ancient bone altar of Kikubaaqudgha.
  5828 | D:7      | Reached skill level 5 in Dodging
  5847 | D:7      | Noticed Joseph
  5863 | D:7      | Killed Joseph
  5864 | D:7      | Reached skill level 6 in Dodging
  6028 | D:7      | Found a staircase to the Ecumenical Temple.
  6040 | Temple   | Entered the Ecumenical Temple
  6045 | Temple   | Became a worshipper of Trog the Wrathful
  6103 | D:7      | Identified the ring "Owaurob" {rElec rPois Str-5 Int+6
                  | Dex+6}
  6281 | D:7      | Reached skill level 7 in Dodging
  6295 | D:7      | Reached XP level 10. HP: 63/67 MP: 10/10
  6466 | D:8      | Found a hide-covered altar of Uskayaw.
  6580 | D:8      | Found an ancient bone altar of Kikubaaqudgha.
  6762 | D:8      | Reached skill level 8 in Dodging
  6809 | D:8      | Found a staircase to the Lair.
  7133 | D:8      | Noticed a two-headed ogre
  7143 | D:8      | Killed a two-headed ogre
  7144 | D:8      | Reached skill level 9 in Dodging
  7161 | D:9      | Found Bimuylim's Book Boutique.
  7161 | D:9      | Found Zauvoc's Magic Scroll Boutique.
  7161 | D:9      | Found Meczym's Antique Weapon Boutique.
  7229 | D:9      | Bought a scroll of blinking for 75 gold pieces
  7229 | D:9      | Bought a scroll of identify for 20 gold pieces
  7229 | D:9      | Bought a scroll of identify for 20 gold pieces
  7336 | D:9      | Reached * piety under Trog
  7387 | D:9      | Noticed a cyclops
  7393 | D:9      | Killed a cyclops
  7453 | D:9      | Found an ornate altar of the Wu Jian Council.
  7455 | D:9      | Found a basalt altar of Yredelemnul.
  7455 | D:9      | Found a shadowy altar of Dithmenos.
  7455 | D:9      | Found a broken altar of Ashenzari.
  7557 | D:9      | Reached skill level 5 in Evocations
  7973 | D:9      | Reached skill level 10 in Dodging
  7978 | D:9      | Reached skill level 1 in Armour
  7988 | D:9      | Reached XP level 11. HP: 61/74 MP: 11/11
  8257 | D:10     | Entered Level 10 of the Dungeon
  8363 | D:10     | Reached skill level 5 in Fighting
  8396 | D:10     | Found an opulent altar of Gozag.
  8694 | D:10     | Reached ** piety under Trog
  8725 | D:10     | Found a blossoming altar of Fedhas.
  8781 | D:10     | Found a hazy altar of Hepliaklqana.
  8826 | D:10     | Found Juav's General Store.
  9224 | Lair:1   | Entered Level 1 of the Lair of Beasts
  9296 | Lair:1   | Reached skill level 1 in Short Blades
  9613 | Lair:1   | Noticed Nergalle
  9628 | Lair:1   | Killed Nergalle
  9636 | Lair:1   | Reached XP level 12. HP: 65/92 MP: 12/12
  9875 | Lair:1   | Reached *** piety under Trog
 10031 | Lair:2   | Reached skill level 5 in Short Blades
 10109 | Lair:2   | Noticed a six-headed hydra
 10144 | Lair:2   | Killed a six-headed hydra
 10243 | Lair:2   | Identified the +7 war axe of Equivalence {vamp, rCorr}
 10352 | Lair:2   | Identified the +0 leather armour of the Shrike {rF- rC+
                  | Str+2 Dex+7 Stlth-}
 10665 | Lair:2   | Identified the +5 robe of the Boiling Point {+Blink Dex+3
                  | Slay-3}
 11109 | Lair:3   | Found a staircase to the Snake Pit.
 11456 | Lair:3   | Noticed Fannar
 11466 | Lair:3   | Killed Fannar
 11648 | Lair:3   | Found a staircase to the Shoals.
 11789 | Lair:4   | Reached skill level 11 in Dodging
 11813 | Lair:4   | Reached **** piety under Trog
 11814 | Lair:4   | Reached XP level 13. HP: 80/102 MP: 13/13
 11891 | Lair:3   | Reached skill level 10 in Fighting
 12215 | Lair:4   | Identified the +2 trident of the Genius {venom, Stlth+}
 12349 | Lair:5   | Entered Level 5 of the Lair of Beasts
 12565 | Lair:5   | Reached skill level 12 in Dodging
 12629 | Lair:5   | Reached ***** piety under Trog
 12834 | Lair:5   | Found a dark tunnel.
 12842 | Volcano  | Entered a volcano
 13101 | Volcano  | Reached skill level 13 in Dodging
 13240 | Volcano  | Reached XP level 14. HP: 112/115 MP: 14/14
 13619 | Lair:5   | Reached skill level 14 in Dodging
 13863 | Lair:5   | Identified the staff "Ikuppuecla" {rF+ rC+ rCorr MP-9 Necro
                  | Fire}
 14608 | D:11     | Noticed Erica
 14622 | D:11     | Killed Erica
 14841 | D:11     | Reached skill level 15 in Dodging
 15197 | D:11     | Found a roughly hewn altar of Beogh.
 15197 | D:11     | Found a staircase to the Orcish Mines.
 15217 | D:11     | Received a gift from Trog
 15712 | D:12     | Reached skill level 10 in Evocations
 16926 | D:13     | Reached XP level 15. HP: 93/121 MP: 15/15
 17187 | D:13     | Found a broken altar of Ashenzari.
 17296 | D:13     | Found a gate to the Vaults.
 17783 | D:14     | Found an iron altar of Okawaru.
 17830 | D:14     | Found Kyrax's Demolitions Depot.
 17894 | D:14     | Noticed Azrael
 17912 | D:14     | Killed Azrael
 18466 | D:15     | Entered Level 15 of the Dungeon
 18476 | D:15     | Found a staircase to the Depths.
 18606 | D:15     | Received a gift from Trog
 18607 | D:15     | Reached skill level 5 in Armour
 18758 | D:15     | Found a gate leading to a gauntlet.
 18776 | D:15     | Found a stormy altar of Qazlal.
 19085 | D:15     | Identified the +2 war axe "Aziomyvi" {elec, +Blink rCorr}
 19144 | D:15     | Noticed a frost giant
 19159 | D:15     | Killed a frost giant
 19191 | D:15     | Reached skill level 15 in Long Blades
 19214 | D:15     | Noticed Josephine
 19240 | D:15     | Killed Josephine
 19506 | Orc:1    | Entered Level 1 of the Orcish Mines
 19552 | Orc:1    | Reached ****** piety under Trog
 19770 | Orc:2    | Entered Level 2 of the Orcish Mines
 19774 | Orc:2    | Received a gift from Trog
 19807 | Orc:2    | Found a staircase to the Elven Halls.
 19849 | Orc:2    | Noticed Nessos
 19858 | Orc:2    | Killed Nessos
 19864 | Orc:2    | Noticed Maurice
 19871 | Orc:2    | Maurice stole a ring of ice
 19873 | Orc:2    | Maurice stole the +7 war axe of Equivalence {vamp, rCorr}
 19876 | Orc:2    | Killed Maurice
 20168 | Orc:1    | Reached XP level 16. HP: 110/133 MP: 16/16
 20582 | Orc:2    | Noticed Erolcha
 20590 | Orc:2    | Killed Erolcha
 20676 | Orc:2    | Found a roughly hewn altar of Beogh.
 20739 | Orc:2    | Found Ikhaen's Antique Weapon Boutique.
 20756 | Orc:2    | Found Ollaed's Jewellery Boutique.
 20788 | Orc:2    | Found Aggiyn's General Store.
 20804 | Orc:2    | Found Muomakh's Antique Armour Boutique.
 20813 | Orc:2    | Bought the +2 hood of the Assassin {Detect Stab+ Stlth++}
                  | for 1560 gold pieces
 20813 | Orc:2    | Found the +2 hood of the Assassin {Detect Stab+ Stlth++}
 21168 | Orc:2    | Reached skill level 15 in Fighting
 21294 | Orc:1    | Noticed Urug
 21301 | Orc:1    | Killed Urug
 21608 | Snake:1  | Entered Level 1 of the Snake Pit
 21624 | Snake:1  | Received a gift from Trog
 21689 | Snake:1  | Noticed Roxanne
 21768 | Snake:1  | Noticed Mlioglotl
 21782 | Snake:1  | Killed Mlioglotl
 22166 | Snake:1  | Killed Roxanne
 22208 | Snake:2  | Found Ysunivie's Book Boutique.
 22218 | Snake:2  | Found Zeunaduu's Assorted Antiques.
 22232 | Snake:2  | Bought a scroll of enchant weapon for 172 gold pieces
 22232 | Snake:2  | Bought a potion of curing for 69 gold pieces
 22232 | Snake:2  | Bought a bubbling golden potion for 20 gold pieces
 22810 | Snake:2  | Received a gift from Trog
 22981 | Snake:2  | Reached XP level 17. HP: 142/142 MP: 17/17
 23412 | Snake:3  | Identified the +1 chain mail "Ruciff" {+Blink rPois MP+9
                  | Str+2}
 23497 | Snake:3  | Reached XP level 18. HP: 106/149 MP: 18/18
 23693 | Snake:3  | HP: 6/149 [naga warrior/+1 trident of freezing (10)]
 23693 | Snake:3  | HP: 1/149 [constriction (5)]
 23879 | Snake:3  | Reached skill level 16 in Dodging
 23997 | Snake:3  | Found Ofix's Weapon Shoppe.
 24310 | Snake:4  | Entered Level 4 of the Snake Pit
 24429 | Snake:4  | Received a gift from Trog
 25177 | Snake:4  | Reached skill level 17 in Dodging
 25824 | Snake:4  | Identified the serpent talisman of Peek-a-Boo {Str-3 Int+2
                  | Dex+5 Slay+2}
 25824 | Snake:4  | Noticed Aizul
 25838 | Snake:4  | Killed Aizul
 25838 | Snake:4  | Received a gift from Trog
 26300 | Snake:4  | HP: 1/149 [naga warrior/+0 long sword (17)]
 26300 | Snake:4  | Constricted to death by a naga warrior

Illustrated notes

Levels and vault maps discovered:
D:1:      zaba_arrival_water, layout_loops_ring, serial_shops,
          nicolae_diamond_shop, minmay_misc_feat_encased
D:2:      layout_basic
D:3:      layout_basic, serial_shops, shop, serial_aquarium,
          aquarium_bridge_square [aquarium_subvault_bridge,
          aquarium_subvault_bridge, aquarium_subvault_bridge,
          aquarium_subvault_window], aquarium_window_1, aquarium_window_2,
          aquarium_window_3, aquarium_window_1, aquarium_view_2b,
          aquarium_view_2g, aquarium_balcony_5b,
          shapermc_ecumenical_altar_mp_urbaneastern
D:4:      layout_basic, dreamdust_divine_triumvirate, mainiacjoe_overflow_paths
D:5:      layout_basic, slow_altar_2, mainiacjoe_overflow_small_starburst,
          serial_shops, nicolae_shop_tiny_statue_garden, shop,
          grunt_ministairs_14, hangedman_abyss_or_decor_passed,
          hangedman_decor_clover_reticule, kennysheep_generic_room_5,
          uniq_eustachio
D:6:      layout_loops_cross, mainiacjoe_overflow_boulevard, uniq_edmund,
          uniq_jeremiah
D:7:      layout_loops_ring, minmay_temple_entry_junction, dk_noncrumbling_4,
          roadster_capsule_ark_zombie, uniq_joseph
D:8:      layout_rooms, nicolae_kikubaaqudgha_miasma_corner,
          mainiacjoe_overflow_catwalk, erik_lair_dragon, kennysheep_another_room
D:9:      layout_loops_corners, chequers_temple_overflow_statue_of_worship,
          minmay_misc_feat_four_crosses, nicolae_hexahallways, chequers_avenue,
          serial_park_tiny_1, nicolae_shop_distant_corner_stores, dk_vineyard_1,
          kennysheep_just_a_vault
D:10:     layout_irregular_city, kennysheep_little_box,
          mainiacjoe_overflow_big_doors, serial_shops, shop, serial_ice,
          serial_ice_i, serial_ice_a, serial_ice_e, serial_ice_f
D:11:     nzn_winding_woodlands_three_and_one
          [nzn_winding_woodlands_5x15_concentric,
          nzn_winding_woodlands_5x15_crooked, nzn_winding_woodlands_5x15_parted,
          nzn_winding_woodlands_center_garden], layout_rooms, david_orc_5,
          serial_undead, serial_undead_b, serial_undead_b, serial_undead_b,
          serial_undead_a, uniq_erica
D:12:     layout_basic, palyth_stone_intersect, grunt_tough_drop
D:13:     layout_rooms, hellmonk_vaults_order_and_chaos, grunt_ministairs_3,
          chequers_jeans, nicolae_ashenzari_skybound
D:14:     layout_irregular_city, okawaru_trees_2, nicolae_blasting_shop,
          uniq_azrael
D:15:     hellmonk_depths_entry_around_the_bend, layout_loops_ring,
          gauntlet_entry_generic, serial_park_avenue1, grunt_qazlal_clouds,
          uniq_josephine
Temple:   hellmonk_temple_two_chambers
Lair:1:   layout_regular_city, uniq_nergalle
Lair:2:   layout_loops_ring, st_stairs_3, infiniplex_staircase_pool,
          lemuel_fruit_fields
Lair:3:   layout_gridlike, mainiacjoe_shoals_entry_four_pools,
          guppyfry_snake_entry_garden, lemuel_another_geyser, uniq_fannar
Lair:4:   layout_big_grid
Lair:5:   gammafunk_lair_ancient_temple, layout_gridlike,
          minmay_slime_entry_oklob_open,
          portal_ice_cave_entry_animals_and_master,
          lightli_volcano_entry_magma_tube
Snake:1:  layout_cave_shapes, nicolae_triple_integral, uniq_roxanne,
          uniq_mlioglotl
Snake:2:  layout_concentric_octagons, grunt_megastairs_1, minmay_shop_star
Snake:3:  nicolae_snake_shooting_gallery, layout_basic, serial_shops,
          nicolae_shop_tiny_statue_garden, nicolae_zig_zag_zippers
Snake:4:  grunt_snake_rune_spirals, layout_onion_interference, uniq_aizul
Orc:1:    layout_caves, uniq_urug
Orc:2:    grunt_orc_cross, layout_caves, uniq_nessos, uniq_erolcha, uniq_maurice

Skill      XL: |  1  2  3  4  5  6  7  8  9 10 11 12 13 14 15 16 17 18 |
---------------+-------------------------------------------------------+-----
Long Blades    | 4 5 6 7 9 11 12 13 15 | 15.4
Dodging        | 7 10 11 13 15 17 | 17.9
Evocations     | 5 10 16 | 16.0
Armour         | 1 2 3 5 |  5.0
Fighting       | 8 9 12 14 15 | 15.0
Short Blades   | 3 5 |  5.9
Throwing       | |  1.7

Action                     |  1- 3 |  4- 6 |  7- 9 | 10-12 | 13-15 | 16-18 || total
---------------------------+-------+-------+-------+-------+-------+-------++-------
  Melee: Long sword        |    19 |       |       |       |       |       ||    19
         Short sword       |    38 |   109 |   316 |   501 |   454 |       ||  1418
         Scimitar          |    24 |   118 |   328 |   523 |  1161 |   180 ||  2334
         Rapier            |       |       |       |       |   632 |   763 ||  1395
         Double sword      |       |       |       |       |       |   657 ||   657
 Invoke: Berserk           |       |       |       |     1 |     6 |     2 ||     9
         Trog's Hand       |       |       |       |       |     1 |     3 ||     4
         Brothers in Arms  |       |       |       |       |     1 |     1 ||     2
  Evoke: Wand              |       |       |       |    10 |    11 |       ||    21
    Use: Scroll            |     6 |     1 |     7 |     8 |    10 |     4 ||    36
         Potion            |       |       |       |     1 |     4 |     2 ||     7
   Stab: Distracted        |     1 |       |       |       |       |     1 ||     2
         Sleeping          |       |     1 |       |     4 |     9 |     5 ||    19
         Invisible         |       |       |       |     5 |       |       ||     5
 Armour: Leather armour    |    15 |     3 |       |       |       |       ||    18
         Ring mail         |       |    27 |       |       |       |       ||    27
         Troll leather arm |       |    51 |   173 |   162 |   495 |   273 ||  1154
  Dodge: Dodged            |    32 |   111 |   199 |   373 |  1093 |   822 ||  2630

Table legend: (Time is in decaauts)
 A = Elapsed time spent in this place.
 B = Non-inter-level travel time spent in this place.
 C = Inter-level travel time spent in this place.
 D = Time resting spent in this place.
 E = Time spent auto-exploring this place.
 F = Levels seen in this place.
 G = Mean time per level.
                   A        B        C        D        E       F      G
               +--------+--------+--------+--------+--------+-----+--------+
         Total |  25560 |  24298 |   1262 |   2498 |  14331 |  28 |  912.9 |
       Dungeon |  14119 |  13255 |    864 |    794 |   8944 |  15 |  941.3 |
        Temple |      9 |      6 |      3 |      0 |      0 |   1 |    9.0 |
          Lair |   4648 |   4421 |    227 |    273 |   2556 |   5 |  929.6 |
     Snake Pit |   4435 |   4354 |     81 |   1060 |   1789 |   4 | 1108.8 |
  Orcish Mines |   1789 |   1704 |     85 |    187 |    864 |   2 |  894.5 |
       Volcano |    557 |    557 |      0 |    183 |    178 |   1 |  557.0 |
               +--------+--------+--------+--------+--------+-----+--------+

Top non-repeatable levels by time:
 Snake:4: 1906 daAuts
    D:12: 1587 daAuts
  Lair:5: 1406 daAuts
   Orc:2: 1309 daAuts
     D:9: 1246 daAuts
     D:5: 1221 daAuts
     D:4: 1103 daAuts
 Snake:2: 1082 daAuts
     D:8: 1002 daAuts
     D:3: 986 daAuts
  Lair:2: 936 daAuts
 Snake:3: 932 daAuts
  Lair:3: 922 daAuts
    D:15: 887 daAuts
    D:11: 853 daAuts
